 Dungeon Crawl Stone Soup version 0.31-a0-210-gccc998df9b (webtiles) character file.

Game seed: 12709621769885327200

204 innerfire43 the Trooper (level 5, -3/43 HPs)
             Began as a Demonspawn Monk on June 29, 2023.
             Was a Believer of Nemelex Xobeh.
             Slain by a water moccasin (8 damage)
             ... on level 4 of the Dungeon.
             The game lasted 00:02:54 (3341 turns).

innerfire43 the Trooper (Demonspawn Monk)           Turns: 3341, Time: 00:02:55

Health: -3/43      AC:  5    Str: 19    XL:     5   Next: 52%
Magic:  5/5        EV: 16    Int: 12    God:    Nemelex Xobeh [**....]
Gold:   194        SH:  0    Dex: 15    Spells: 4/4 levels left

rFire   + . .        s - +0 war axe
rCold   . . .        d - orb {light}
rNeg    . . .        b - +0 robe
rPois   .            h - +0 helmet
rElec   +            (no cloak)
rCorr   .            (no gloves)
SInv    .            t - +1 pair of boots "Uqoaph" {+Inv rElec Str+6}
Will    .....        (no amulet)
Stlth   +            p - ring of protection from fire
HPRegen 0.27/turn    (no ring)
MPRegen 0.09/turn

%: no passive effects
@: lethally poisoned (-3 -> -35), glowing
A: repulsion field 2, demonic touch 1
a: Renounce Religion, Evoke Invisibility, Draw Escape, Draw Destruction, Draw
Summoning


You were on level 4 of the Dungeon.
You worshipped Nemelex Xobeh.
Nemelex Xobeh was pleased with you.
You visited 1 branch of the dungeon, and saw 4 of its levels.

You collected 194 gold pieces.

Inventory:

Hand Weapons
 a - a +0 hand axe
 s - a +0 war axe (weapon)
Armour
 b - a +0 robe (worn)
 d - an orb of light (worn)
 h - a +0 helmet (worn)
 k - a +0 pair of boots
 m - a scarf of harm
 t - the +1 pair of boots "Uqoaph" (worn) {+Inv rElec Str+6}
   (You found it on level 3 of the Dungeon)

   Str:       It affects your strength (+6).
   rElec:     It insulates you from electricity.
   +Inv:      It lets you turn invisible.
Jewellery
 p - a ring of protection from fire (left hand)
Scrolls
 l - 4 scrolls of teleportation
 n - 2 scrolls of amnesia
 o - 2 scrolls of immolation
 q - a scroll of silence {unknown}
 r - a scroll of identify
Potions
 c - a potion of ambrosia
 e - a potion of curing
 f - a potion of brilliance {unknown}
 g - a potion of mutation {unknown}
 i - a potion of enlightenment {unknown}
 j - a potion of lignification {unknown}


   Skills:
 * Level 4.8 Fighting
 + Level 3.7 Axes
 + Level 3.7 Dodging


You had 4 spell levels left.
You didn't know any spells.
Your spell library contained the following spells:

 Spells                   Type           Power      Damage    Failure   Level
 Blink                    Tloc           0%         N/A       45%         2
 Ensorcelled Hibernation  Hex/Ice        0%         N/A       45%         2
 Lesser Beckoning         Tloc           0%         N/A       45%         2
 Momentum Strike          Conj/Tloc      0%         3d8       45%         2
 Passwall                 Tmut/Erth      0%         N/A       45%         2
 Static Discharge         Conj/Air       0%         2-2/arc   45%         2
 Ozocubu's Armour         Ice            0%         N/A       69%         3
 Swiftness                Air            0%         N/A       69%         3
 Airstrike                Air            0%         2d(0-16)  97%         4
 Summon Lightning Spire   Summ/Air       0%         N/A       97%         4
 Metabolic Englaciation   Hex/Ice        0%         N/A       100%        5
 Simulacrum               Ice/Necr       0%         N/A       100%        6


Dungeon Overview and Level Annotations

Branches:
Dungeon (4/15)
 Temple: D:4-7

Altars:
Nemelex Xobeh


Innate Abilities, Weirdness & Mutations

You are surrounded by a moderate repulsion field. (EV +3)
Your touch may inflict minor irresistible damage on your foes.


Message History

o - 2 scrolls of immolation (gained 1)
A water moccasin comes into view.
The water moccasin hisses angrily.
A water moccasin is nearby!
A water moccasin is nearby!
You hit the water moccasin.
The water moccasin is lightly wounded.
The water moccasin bites you! The water moccasin closely misses you.
A water moccasin is nearby!
You hit the water moccasin but do no damage.
The water moccasin is lightly wounded.
The water moccasin barely misses you. x2
You closely miss the water moccasin.
The water moccasin is lightly wounded.
The water moccasin completely misses you.
The water moccasin bites you.
You are poisoned.
The water moccasin poisons you!
A water moccasin is nearby!
You hit the water moccasin.
The water moccasin is moderately wounded.
You feel very sick. The water moccasin bites you.
The water moccasin misses you.
Unknown command.
You hit the water moccasin.
The water moccasin is heavily wounded.
You feel very sick. The water moccasin bites you!
You are lethally poisoned!
The water moccasin poisons you! The water moccasin closely misses you.
You barely miss the water moccasin.
The water moccasin is heavily wounded.
* * * LOW HITPOINT WARNING * * *
You feel extremely sick. The water moccasin bites you.
* * * LOW HITPOINT WARNING * * *
You are more poisoned.
The water moccasin poisons you! The water moccasin bites you!
You die...
Your body disappears without additional glow.

..#####.########.### ..#
#.# #.......# ..#
#.####.......# ..#
#............#
..##########.###+#######
....<...................
...#########.###.#######
........# #.#..........
.#.####.## #....@..#####
.......... #....S.......
...####... #........####
...# ###........# .).#
####.#....?...#
.).####....#........#
#.)...#.##.#........#
#..........#.#+#....#
#..........# #.#....#


You could see a water moccasin.

Vanquished Creatures
  An iguana (D:4)
  4 gnolls (D:4)
  6 adders
  A white imp (D:3)
  A worm (D:3)
  4 dart slugs
  An orc (D:3)
  4 endoplasms
  3 giant cockroaches
  5 goblins
  6 hobgoblins
  5 jackals
  6 quokkas
  4 ball pythons
  3 bats
  3 frilled lizards
  2 kobolds
  9 rats
68 creatures vanquished.

Notes
Turn   | Place    | Note
-------+----------+-------------------------------------------
     0 | D:1      | innerfire43 the Demonspawn Monk began the quest for the
                  | Orb.
     0 | D:1      | Reached XP level 1. HP: 18/18 MP: 1/1
   519 | D:1      | Gained mutation: You are surrounded by a mild repulsion
                  | field. (EV +2) [demonic ancestry]
   519 | D:1      | Reached XP level 2. HP: 24/24 MP: 2/2
  1019 | D:2      | Gained mutation: You are surrounded by a moderate repulsion
                  | field. (EV +3) [demonic ancestry]
  1019 | D:2      | Reached XP level 3. HP: 27/29 MP: 3/3
  1044 | D:2      | Found a sparkling altar of Nemelex Xobeh.
  1195 | D:2      | You fall into a shaft and drop 1 floor!
  1242 | D:3      | Reached XP level 4. HP: 22/37 MP: 4/4
  1749 | D:2      | Reached skill level 4 in Fighting
  1879 | D:2      | Became a worshipper of Nemelex Xobeh the Trickster
  1879 | D:2      | Reached * piety under Nemelex Xobeh
  1879 | D:2      | Received a gift from Nemelex Xobeh
  1879 | D:2      | Reached ** piety under Nemelex Xobeh
  2386 | D:3      | Received a gift from Nemelex Xobeh
  2426 | D:3      | Identified the +1 pair of boots "Uqoaph" {+Inv rElec Str+6}
  2896 | D:4      | Gained mutation: Your touch may inflict minor irresistible
                  | damage on your foes. [demonic ancestry]
  2896 | D:4      | Reached XP level 5. HP: 43/43 MP: 5/5
  3333 | D:4      | Noticed a water moccasin
  3341 | D:4      | Slain by a water moccasin

Illustrated notes

Levels and vault maps discovered:
D:1:      dpeg_arrival_three_same_balls, layout_loops_ring,
          minmay_parallelograms
D:2:      layout_loops_ring, basic_altar, minivault_11
D:3:      kennysheep_big_flooded_room, layout_loops_ring, minmay_unequal
D:4:      layout_basic

Skill      XL: |  1  2  3  4 |
---------------+-------------+-----
Dodging        | 3 |  3.7
Axes           | 3 |  3.7
Fighting       | 4 |  4.8

Action                     |  1- 3 |  4- 6 || total
---------------------------+-------+-------++-------
  Melee: Hand axe          |   117 |    55 ||   172
         War axe           |       |    53 ||    53
    Use: Scroll            |     1 |     5 ||     6
 Armour: Robe              |    24 |    25 ||    49
  Dodge: Dodged            |   104 |    96 ||   200

Table legend: (Time is in decaauts)
 A = Elapsed time spent in this place.
 B = Non-inter-level travel time spent in this place.
 C = Inter-level travel time spent in this place.
 D = Time resting spent in this place.
 E = Time spent auto-exploring this place.
 F = Levels seen in this place.
 G = Mean time per level.
                   A        B        C        D        E       F      G
               +--------+--------+--------+--------+--------+-----+--------+
         Total |   3381 |   3172 |    209 |      0 |   2616 |   4 |  845.2 |
       Dungeon |   3381 |   3172 |    209 |      0 |   2616 |   4 |  845.2 |
               +--------+--------+--------+--------+--------+-----+--------+

Top non-repeatable levels by time:
     D:3: 1215 daAuts
     D:1: 997 daAuts
     D:2: 698 daAuts
     D:4: 468 daAuts
